 Dungeon Crawl Stone Soup version 0.18-a0-1539-g1c7284a (webtiles) character file.

5534 Goblin1989 the Arsonist (level 10, -2/50 HPs)
             Began as a Deep Elf Fire Elementalist on Mar 9, 2016.
             Was a Believer of Vehumet.
             Slain by a seven-headed hydra (16 damage)
             ... on level 1 of the Lair of Beasts.
             The game lasted 01:00:21 (11520 turns).

Goblin1989 the Arsonist (DEFE)                     Turns: 11520, Time: 01:00:21

Health: -2/50      AC:  6    Str:  5    XL:     10   Next: 43%
Magic:  14/24      EV: 13    Int: 24    God:    Vehumet [**....]
Gold:   401        SH:  0    Dex: 15    Spells: 7 memorised, 1 level left

rFire  . . .     SeeInvis .     b - +1 blowgun
rCold  + . .     Gourm    .     l - +1 robe
rNeg   . . .     Faith    .     (no shield)
rPois  .         Spirit   .     (no helmet)
rElec  .         Dismiss  .     H - +0 cloak
rCorr  .         Reflect  .     k - +0 pair of gloves
SustAt .         Harm     .     y - +0 pair of boots
MR     +....                    s - amulet of regeneration
Stlth  +++.......               B - ring of stealth
                                F - ring of protection from cold

@: somewhat resistant to hostile enchantments, fairly stealthy
A: talons 1
a: Renounce Religion


You were on level 1 of the Lair of Beasts.
You worshipped Vehumet.
Vehumet was pleased with you.
You were not hungry.

You visited 3 branches of the dungeon, and saw 10 of its levels.

You collected 401 gold pieces.

Inventory:

Hand Weapons
 a - a +0 short sword of flaming
 b - a +1 blowgun (weapon)
 v - a +2 flail of holy wrath
Missiles
 e - 306 stones
 f - 4 throwing nets
 h - 4 needles of sleeping
 n - 7 steel tomahawks
 q - 10 poisoned needles (quivered)
Armour
 k - a +0 pair of gloves (worn)
 l - a +1 robe (worn)
 y - a +0 pair of boots (worn)
 H - a +0 cloak (worn)
Jewellery
 j - an uncursed ring of sustain attributes
 s - an amulet of regeneration (around neck)
 B - a ring of stealth (right hand)
 F - a ring of protection from cold (left hand)
 N - an uncursed ring of wizardry {unknown}
Wands
 o - a wand of iceblast (9/15)
 z - a wand of digging (18/24)
 C - a wand of confusion (26/48)
 L - a wand of random effects (31/48)
 P - a wand of digging (11/24)
Scrolls
 i - 3 scrolls of teleportation
 p - 2 scrolls of immolation
 E - a scroll of enchant armour
 M - a scroll of fear {unknown}
 O - a scroll of blinking {unknown}
Potions
 g - a potion of cancellation {unknown}
 m - 2 potions of lignification {unknown}
 t - a potion of ambrosia {unknown}
 u - 4 potions of brilliance
 w - a potion of curing {unknown}
 x - 3 potions of might
 A - a potion of haste
 J - a potion of cure mutation
Books
 r - a book of Flames

   Spells                             Type                      Level
   a - Flame Tongue                   Conjuration/Fire             1
   b - Throw Flame                    Conjuration/Fire             2
   c - Conjure Flame                  Conjuration/Fire             3
   d - Inner Flame                    Hexes/Fire                   3
   e - Sticky Flame                   Conjuration/Fire             4
   f - Fireball                       Conjuration/Fire             5
 G - a book of Enchantments

   Spells                             Type                      Level
   a - Cause Fear                     Hexes                        4
   b - Yara's Violent Unravelling     Hexes/Transmutation          5
   c - Silence                        Hexes/Air                    5
   d - Deflect Missiles               Charms/Air                   6
   e - Haste                          Charms                       6
   f - Discord                        Hexes                        8
Comestibles
 c - 12 bread rations
 d - 4 chunks of flesh
 D - 2 meat rations
 K - 7 beef jerkies


   Skills:
 - Level 2.4 Dodging
 - Level 2.4 Stealth
 - Level 8.0 Spellcasting
 + Level 10.0 Conjurations
 * Level 9.7 Charms
 + Level 10.4 Fire Magic


You had one spell level left.
You knew the following spells:

 Your Spells              Type           Power        Failure   Level  Hunger
a - Flame Tongue          Conj/Fire      #####        1%          1    None
b - Throw Flame           Conj/Fire      ######       1%          2    None
c - Conjure Flame         Conj/Fire      ######..     1%          3    None
d - Inner Flame           Hex/Fire       ####....     2%          3    None
e - Sticky Flame          Conj/Fire      ######..     1%          4    ##.....
f - Fireball              Conj/Fire      ######....   2%          5    #####..
g - Haste                 Chrm           ######..     21%         6    ######.


Dungeon Overview and Level Annotations

Branches:
Dungeon (8/15)             Temple (1/1) D:6            Lair (1/8) D:8

Altars:
Cheibriados
Elyvilon
Fedhas
Kikubaaqudgha
Makhleb
Qazlal
Ru
Sif Muna
Trog
Vehumet
Xom
Yredelemnul

Shops:
D:8 :

Annotations:
D:4 Galewind's ghost, amateur DECj
D:6 exclusion: downstairs


Innate Abilities, Weirdness & Mutations

You have sharp toenails.


Message History

Confirm with . or Enter, or press ? or * to list all spells.
Aiming: Sticky Flame
Press: ? - help, Shift-Dir - straight line, f - seven-headed hydra
Aim: a seven-headed hydra (heavily wounded)
The sticky flame hits the seven-headed hydra.
The seven-headed hydra is severely wounded.
The seven-headed hydra is covered in liquid flames!
The seven-headed hydra burns!
The seven-headed hydra completely misses you.
The seven-headed hydra bites you!
The seven-headed hydra barely misses you.
The seven-headed hydra bites you. x2
The seven-headed hydra closely misses you.
The seven-headed hydra bites you!
The seven-headed hydra burns!
The seven-headed hydra burns!
The seven-headed hydra bites you! The seven-headed hydra bites you.
* * * LOW HITPOINT WARNING * * *
The seven-headed hydra bites you!
You die...

###### ##*
#######....#######
..######....§§......)...####
,....##....P####D#......##.#
+#[.#*##..### #@...>......#
.⌠.#* #.## #.##.....#.##
...#####.# #.##.....#..#
.....##..# #.####.###.##
......##.# #.## #.# #.#
......÷.## #..###.# #.#
....#...## ##..##..# #.##
.⌠.##....# #..##..## #..#
...####..#* ##.##P.# #.##


You could see a seven-headed hydra (burning).

Vanquished Creatures
  Pikel (D:5)
  A spiny frog (Lair:1)
  Prince Ribbit (D:6)
  4 blink frogs (Lair:1)
  Edmund (D:4)
  3 water moccasins
  3 porcupines (Lair:1)
  A slave (D:5)
  3 phantoms
  A black bear (D:6)
  2 ice beasts (D:6)
  3 centaurs
  A crocodile (Lair:1)
  9 ogres
  3 giant frogs (D:8)
  A wyvern skeleton (D:7)
  3 scorpions
  6 killer bees (D:8)
  A giant frog zombie (D:8)
  A centaur zombie (D:6)
  4 crimson imps
  2 orc wizards (D:7)
  An orc priest (D:8)
  5 hounds
  A giant frog skeleton (D:5)
  3 iguanas (D:8)
  A worker ant (D:8)
  A killer bee zombie (D:6)
  2 hound zombies
  A worker ant zombie (D:6)
  3 gnolls (D:3)
  13 adders
  2 oozes
  3 worms
  4 dart slugs
  4 giant geckos
  5 orcs
  5 giant cockroaches
  11 goblins
  13 hobgoblins
  15 jackals
  4 quokkas
  4 bats
  A giant gecko skeleton (D:6)
  A giant gecko zombie (D:4)
  6 giant newts
  A jackal skeleton (D:6)
  9 kobolds
  A kobold skeleton (D:4)
  4 rats
179 creatures vanquished.

Vanquished Creatures (others)
  An adder (D:1)
  A goblin (D:2)
2 creatures vanquished.

Grand Total: 181 creatures vanquished

Notes
Turn   | Place    | Note
--------------------------------------------------------------
     0 | D:1      | Goblin1989 the Deep Elf Fire Elementalist began the quest for the Orb.
     0 | D:1      | Reached XP level 1. HP: 10/10 MP: 6/6
   242 | D:1      | Reached XP level 2. HP: 15/15 MP: 4/8
   293 | D:1      | Learned a level 2 spell: Throw Flame
   952 | D:1      | Reached XP level 3. HP: 19/19 MP: 6/9
  1066 | D:1      | Learned a level 3 spell: Conjure Flame
  1331 | D:2      | Found a white marble altar of Elyvilon.
  1832 | D:2      | Learned a level 3 spell: Inner Flame
  2130 | D:2      | Reached XP level 4. HP: 24/24 MP: 6/11
  3170 | D:3      | Reached XP level 5. HP: 28/28 MP: 8/13
  4077 | D:4      | Reached skill level 5 in Fire Magic
  4194 | D:4      | Noticed Edmund
  4207 | D:4      | Killed Edmund
  4207 | D:4      | Reached XP level 6. HP: 32/32 MP: 2/15
  4213 | D:4      | Learned a level 4 spell: Sticky Flame
  4462 | D:4      | Noticed Galewind's ghost (amateur DECj)
  4616 | D:5      | Entered Level 5 of the Dungeon
  4624 | D:5      | Found an ancient bone altar of Kikubaaqudgha.
  4944 | D:5      | Found a sacrificial altar of Ru.
  4944 | D:5      | Found a stormy altar of Qazlal.
  4946 | D:5      | Found a snail-covered altar of Cheibriados.
  4946 | D:5      | Found a deep blue altar of Sif Muna.
  4952 | D:5      | Reached skill level 5 in Spellcasting
  4952 | D:5      | Reached skill level 5 in Conjurations
  5043 | D:5      | Found a white marble altar of Elyvilon.
  5112 | D:5      | Noticed Pikel
  5112 | D:5      | Noticed a slave
  5115 | D:5      | Noticed a slave
  5117 | D:5      | Noticed a slave
  5120 | D:5      | Noticed a slave
  5125 | D:5      | Killed a slave
  5125 | D:5      | Killed Pikel
  5125 | D:5      | Reached XP level 7. HP: 36/36 MP: 2/17
  5370 | D:6      | Noticed Prince Ribbit
  5382 | D:6      | Killed Prince Ribbit
  5382 | D:6      | Reached XP level 8. HP: 41/41 MP: 5/19
  5479 | D:6      | Learned a level 5 spell: Fireball
  5850 | D:6      | Found a staircase to the Ecumenical Temple.
  5856 | Temple   | Entered the Ecumenical Temple
  6203 | D:6      | Found a radiant altar of Vehumet.
  6259 | D:6      | Became a worshipper of Vehumet
  7595 | D:6      | Reached XP level 9. HP: 35/45 MP: 12/22
  8232 | D:7      | Reached * piety under Vehumet
  8232 | D:7      | Offered knowledge of Freeze by Vehumet.
  8472 | D:7      | Learned a level 6 spell: Haste
  8666 | D:8      | Reached skill level 1 in Charms
  8753 | D:8      | Found a staircase to the Lair.
  9205 | D:8      | Found a bloodstained altar of Trog.
  9776 | D:8      | Reached skill level 5 in Charms
 10240 | D:8      | Found Efraki's Book Boutique.
 10447 | D:8      | Gained mutation: You have sharp toenails. [potion of beneficial mutation]
 10951 | D:8      | Reached XP level 10. HP: 44/50 MP: 24/24
 10972 | Lair:1   | Entered Level 1 of the Lair of Beasts
 11020 | Lair:1   | Reached skill level 10 in Fire Magic
 11020 | Lair:1   | Reached ** piety under Vehumet
 11282 | Lair:1   | Offered knowledge of Throw Frost by Vehumet.
 11420 | Lair:1   | Noticed a spiny frog
 11433 | Lair:1   | Killed a spiny frog
 11433 | Lair:1   | Reached skill level 10 in Conjurations
 11492 | Lair:1   | Noticed a seven-headed hydra
 11520 | Lair:1   | Slain by a seven-headed hydra

Vault maps used:
D:1:      shiori_arrival_oz
D:2:      first_bread, elyvilon_altar_4
D:4:      nicolae_tso_besieged_by_evil, uniq_edmund
D:5:      grunt_temple_overflow_open, old_standard_altar, uniq_pikel
D:6:      nicolae_overflow_crystal_walls, minmay_temple_entry_metal_lava,
          uniq_prince_ribbit1
D:7:      grunt_ogre_cave, st_stairs_5, hex_intersection
D:8:      lair_0_dummy, serial_shops, shop, trog_hazing_becter
Temple:   zaba_magenta_temple_12
Lair:1:   lightli_volcano_entry_magma_tube, grunt_megastairs_5, uniq_joseph,
          uniq_urug

Skill      XL: |  1  2  3  4  5  6  7  8  9 10 |
---------------+-------------------------------+-----
Conjurations   | 2 3 4 6 8 9 10 | 10.0
Fire Magic     | 4 5 7 8 9 10 | 10.4
Spellcasting   | 4 5 6 7 8 |  8.0
Charms         | 7 9 |  9.7
Dodging        | |  2.4
Stealth        | |  2.4

Action                   |  1- 3 |  4- 6 |  7- 9 | 10-12 || total
-------------------------+-------+-------+-------+-------++-------
Melee: Dagger            |     6 |       |       |       ||     6
       Short sword       |       |     5 |       |       ||     5
       Flail             |       |       |    33 |       ||    33
 Fire: Blowgun           |       |     7 |    14 |     1 ||    22
Throw: Tomahawk          |     6 |       |       |       ||     6
 Cast: Flame Tongue      |    67 |    64 |   185 |    36 ||   352
       Throw Flame       |    10 |    16 |    56 |     8 ||    90
       Conjure Flame     |     3 |     8 |    31 |     9 ||    51
       Inner Flame       |     1 |     3 |     2 |     2 ||     8
       Sticky Flame      |       |       |     9 |     2 ||    11
       Fireball          |       |       |     2 |     1 ||     3
  Use: Scroll            |       |       |    12 |     2 ||    14
       Potion            |       |       |     5 |       ||     5
 Stab: Sleeping          |       |     1 |       |       ||     1
  Eat: Chunk             |     4 |       |     3 |     2 ||     9
       Meat ration       |       |     2 |     2 |       ||     4
       Bread ration      |       |       |     1 |       ||     1
       Pizza             |       |       |     1 |       ||     1
